 Dungeon Crawl Stone Soup version 0.31-a0-801-gc67433417a (webtiles) character file.

Game seed: 9107919595029090679

114 Ivernyr the Slasher (level 4, -2/23 HPs)
             Began as a Vine Stalker Gladiator on Sept 20, 2023.
             Succumbed to Ijyb's poison
             ... on level 3 of the Dungeon.
             The game lasted 00:03:00 (1445 turns).

Ivernyr the Slasher (Vine Stalker Gladiator)        Turns: 1445, Time: 00:03:01

Health: -2/23      AC:  5    Str: 16    XL:     4   Next: 97%
Magic:  6/14       EV: 13    Int:  8    God:
Gold:   128        SH:  0    Dex: 18    Spells: 3/3 levels left

rFire   . . .        a - +0 long sword
rCold   . . .        (no shield)
rNeg    . . .        b - +0 leather armour
rPois   .            c - +0 helmet
rElec   .            (no cloak)
rCorr   .            j - +0 pair of gloves
SInv    .            (no boots)
Will    .....        (no amulet)
Stlth   +            n - ring of magical power
HPRegen 1.03/turn    (no ring)
MPRegen 0.14/turn

%: guardian spirit
@: brilliant, lethally poisoned (-2 -> -11)
A: fangs 2, regeneration 1, magic shield, antimagic bite, no potion heal 2
a: no special abilities


You were on level 3 of the Dungeon.
You visited 1 branch of the dungeon, and saw 3 of its levels.

You collected 128 gold pieces.

Inventory:

Hand Weapons
 a - a +0 long sword (weapon)
Missiles
 d - 3 throwing nets (quivered)
 e - a javelin
Armour
 b - a +0 leather armour (worn)
 c - a +0 helmet (worn)
 j - a +0 pair of gloves (worn)
Jewellery
 n - a ring of magical power (left hand)
Scrolls
 k - 2 scrolls of identify {unknown}
 m - a scroll of noise {unknown}
Potions
 f - a potion of ambrosia {unknown}
 g - a potion of cancellation {unknown}
 h - a potion of degeneration {unknown}
 i - a potion of brilliance
 l - a potion of mutation {unknown}


   Skills:
 + Level 2.4 Fighting
 * Level 3.8 Long Blades
 - Level 1.7 Throwing
 + Level 1.3 Armour
 + Level 3.0 Dodging


You had 3 spell levels left.
You didn't know any spells.
Your spell library was empty.

Dungeon Overview and Level Annotations

Branches:
Dungeon (3/15)

Altars:
Ru

Annotations:
D:3 Ijyb


Innate Abilities, Weirdness & Mutations

You have extremely sharp teeth.
Your natural rate of healing is unusually fast.
When hurt, damage is shared between your health and your magic reserves.
Your bite disrupts and absorbs the magic of your enemies.
Potions cannot restore your health.


Message History

You slash Ijyb!
Ijyb is heavily wounded.
Ijyb zaps a wand.
The bolt of dispelling energy hits you!!
Ouch! That really hurt!
You barely miss Ijyb.
Ijyb is heavily wounded.
Ijyb hits you but does no damage.
You are poisoned.
Ijyb hits you with a +1 dagger of venom.
You barely miss Ijyb.
Ijyb is heavily wounded.
You feel very sick. Ijyb misses you.
You slash Ijyb!
Ijyb is almost dead.
You feel sick.
Ijyb hits you with a +1 dagger of venom.
You are lethally poisoned!
You barely miss Ijyb. You bite Ijyb. You drain her power.
You feel invigorated.
Ijyb is almost dead.
* * * LOW HITPOINT WARNING * * *
You feel very sick.
Ijyb zaps a wand.
The bolt of dispelling energy misses you.
You barely miss Ijyb. You bite Ijyb, but do no damage.
Ijyb is almost dead.
* * * LOW HITPOINT WARNING * * *
You feel very sick. Ijyb barely misses you.
You closely miss Ijyb.
Ijyb is almost dead.
* * * LOW HITPOINT WARNING * * *
You feel very sick. Ijyb misses you.
Ijyb hits you with a +1 dagger of venom.
You are more poisoned.
It was a potion of brilliance.
You feel clever all of a sudden.
You die...

........##......#.#######..#.≈
##.####.................†..#..
###.######...######..#.≈ #.###
#.#.# #..#.[ #...####.#(###
##..#.≈ ###..........###...#..
######.#.......##≈.≈
#....###..#.....≈. #@####
##...###... #g# #<.###.... #.#
####.###..### ..# #........##
# ### #........# #
###........# ..........#
#........# #........#


You could see Ijyb.

Vanquished Creatures
  Jessica (D:2)
  5 adders (D:2)
  2 worms (D:2)
  A dart slug (D:2)
  7 ball pythons
  3 endoplasms
  A giant cockroach (D:2)
  A goblin (D:3)
  5 hobgoblins
  2 quokkas (D:1)
  A bat (D:1)
  3 frilled lizards
  3 kobolds (D:2)
  3 rats
38 creatures vanquished.

Notes
Turn   | Place    | Note
-------+----------+-------------------------------------------
     0 | D:1      | Ivernyr the Vine Stalker Gladiator began the quest for the
                  | Orb.
     0 | D:1      | Reached XP level 1. HP: 11/11 MP: 2/2
   212 | D:1      | Reached XP level 2. HP: 6/15 MP: 1/3
   521 | D:2      | Reached XP level 3. HP: 14/18 MP: 1/4
   711 | D:2      | Reached skill level 1 in Armour
   826 | D:2      | Reached XP level 4. HP: 20/23 MP: 3/5
   961 | D:2      | Noticed Jessica
   963 | D:2      | Killed Jessica
  1380 | D:3      | Found a sacrificial altar of Ru.
  1436 | D:3      | Noticed Ijyb
  1444 | D:3      | HP: 1/23 [poisoned by Ijyb]
  1445 | D:3      | Succumbed to Ijyb's poison

Illustrated notes

Levels and vault maps discovered:
D:1:      lightli_arrival_windingriver, layout_basic, serial_glass,
          glass_columns_b, glass_columns_a, due_unseen_surprise,
          minmay_small_reverse_x
D:2:      layout_loops_ring, serial_glass, glass_columns_a, glass_columns_c,
          uniq_jessica
D:3:      layout_rooms, nicolae_ru_path_of_blood, minmay_misc_feat_pillars,
          hangedman_decor_peaks_small, minivault_11, uniq_ijyb, uniq_grinder

Skill      XL: |  1  2  3  4 |
---------------+-------------+-----
Fighting       | 2 |  2.4
Long Blades    | 3 |  3.8
Armour         | 1 |  1.3
Dodging        | 3 |  3.0
Throwing       | |  1.7

Action                     |  1- 3 |  4- 6 || total
---------------------------+-------+-------++-------
  Melee: Long sword        |    56 |    30 ||    86
         Bite              |    11 |     7 ||    18
    Use: Potion            |       |     1 ||     1
   Stab: Sleeping          |     3 |     1 ||     4
 Armour: Leather armour    |    31 |    15 ||    46
  Dodge: Dodged            |    33 |    19 ||    52

Table legend: (Time is in decaauts)
 A = Elapsed time spent in this place.
 B = Non-inter-level travel time spent in this place.
 C = Inter-level travel time spent in this place.
 D = Time resting spent in this place.
 E = Time spent auto-exploring this place.
 F = Levels seen in this place.
 G = Mean time per level.
                   A        B        C        D        E       F      G
               +--------+--------+--------+--------+--------+-----+--------+
         Total |   1464 |   1428 |     36 |      0 |   1098 |   3 |  488.0 |
       Dungeon |   1464 |   1428 |     36 |      0 |   1098 |   3 |  488.0 |
               +--------+--------+--------+--------+--------+-----+--------+

Top non-repeatable levels by time:
     D:2: 773 daAuts
     D:1: 449 daAuts
     D:3: 241 daAuts
